Map: Backwater LE

Players

Juxtapose - Winner!

  • Race: Protoss Protoss
  • League: Platinum
  • Spawn Location: 11:00

A.I. 1 (Elite)

  • Race: Zerg Zerg
  • Spawn Location: 5:00

VOD

https://youtu.be/41-9L6ilNKE

Description

Loosing to the Elite AI's aggressive Mech push was quite disheartening for me, but I decided to play another match to finally see if I could break my horrible loosing streak.

Time

  • Played on: Feb. 11, 2018, 11:36 a.m.
  • Length: 11:33
Show
View Real Time Build Order
Export as new Build Order

Juxtapose Protoss - Winner!

Build Orders: Oracle Opening, Zealot Archon 

Get SALT Encoding   

  12  0:01  Probe  
  13  0:13  Probe  
  14  0:22  Pylon  
  14  0:25  Probe  
  15  0:40  Probe, Gateway  
  16  0:52  Assimilator, Probe  
  17  1:03  Pylon  
  17  1:04  Probe  
  18  1:16  Probe  
  19  1:19  Assimilator  
  19  1:28  Probe  
  19  1:31  Cybernetics Core  
  20  1:37  Zealot  
  22  1:41  Probe  
  23  1:53  Probe  
  24  2:05  Probe  
  24  2:08  Warp Gate (Chrono Boost)  
  25  2:15  Stargate  
  25  2:19  Pylon  
  25  2:45  Nexus  
  25  2:56  Oracle (Chrono Boost)  
  28  3:07  Zealot  
  28  3:10  Probe  
  31  3:15  Gateway  
  31  3:23  Pylon  
  31  3:42  Probe  
  31  3:45  Zealot  
  34  3:53  Twilight Council  
  34  3:54  Probe  
  35  4:13  Zealot  
  37  4:32  Probe x2  
  37  4:37  Pylon  
  39  4:39  Pylon  
  39  4:44  Probe x2  
  41  4:48  Pylon  
  41  4:50  Gateway  
  41  4:53  Charge (Chrono Boost)  
  41  4:54  Probe  
  41  4:58  Templar Archives  
  41  4:59  Probe  
  43  5:03  Probe  
  44  5:07  Shield Battery  
  44  5:09  Shield Battery  
  44  5:11  Probe  
  44  5:13  Probe  
  45  5:14  Pylon  
  45  5:19  Psionic Storm  
  46  5:23  Probe  
  46  5:25  Probe  
  48  5:29  Gateway  
  48  5:35  Probe  
  49  5:37  Probe  
  49  5:39  Assimilator  
  50  5:43  Assimilator  
  50  5:47  Probe  
  52  5:50  Probe  
  52  6:09  Probe x2  
  54  6:19  Stalker  
  54  6:20  High Templar  
  54  6:21  Probe x2  
  60  6:31  Blink  
  60  6:33  Probe x2  
  62  6:40  Gateway  
  62  6:45  Probe  
  62  6:46  Probe  
  64  6:47  High Templar x2  
  64  6:48  High Templar  
  64  6:51  Archon  
  64  6:53  Archon  
  70  6:57  Probe, Stalker  
  73  7:08  Robotics Facility  
  73  7:26  Nexus  
  73  7:28  Pylon  
  73  7:31  Pylon  
  73  7:33  High Templar x2  
  73  7:34  Pylon, High Templar  
  79  7:39  Zealot  
  81  7:46  Forge  
  81  8:00  Shield Battery  
  81  8:03  Shield Battery  
  81  8:09  Zealot x3  
  81  8:10  Zealot  
  81  8:11  Zealot  
  91  8:16  Immortal  
  91  8:18  Assimilator, Protoss Ground Weapons Level 1 (Chrono Boost)  
  95  8:21  Assimilator  
  94  8:46  Stalker  
  94  8:47  Stalker x3  
  102  8:48  Stalker  
  104  8:56  Immortal  
  88  9:13  Archon  
  88  9:17  Zealot x5  
  98  9:38  Probe x3  
  101  9:47  Zealot x2  
  101  9:48  Zealot x2  
  101  9:49  Zealot  
  101  9:50  Probe x3  
  110  10:16  High Templar x3  
  110  10:17  Stalker, High Templar  
  120  10:30  Probe  
  120  10:31  Probe x2  
  123  10:40  Nexus  
  123  10:41  Pylon  
  121  10:43  Probe  
  121  10:44  Pylon  
  121  10:45  Zealot  
  121  10:48  Pylon  
Show
View Real Time Build Order
Export as new Build Order

A.I. 1 (Elite) Zerg 

Build Orders: Pool First 

Get SALT Encoding   

  12  0:00  Drone  
  13  0:12  Overlord  
  13  0:17  Drone  
  14  0:30  Drone x2  
  14  0:34  Drone  
  17  0:47  Spawning Pool  
  17  0:48  Drone  
  17  1:11  Hatchery  
  16  1:13  Drone  
  16  1:16  Extractor  
  16  1:19  Drone  
  16  1:23  Extractor  
  16  1:26  Drone  
  16  1:30  Drone  
  18  1:38  Drone  
  19  1:48  Overlord  
  19  1:57  Queen  
  21  2:03  Zergling x2  
  22  2:10  Drone  
  23  2:24  Queen  
  25  2:32  Drone  
  26  2:38  Drone  
  26  2:43  Drone  
  28  2:48  Drone  
  29  3:01  Roach Warren  
  29  3:03  Drone  
  29  3:07  Drone  
  29  3:11  Zergling x2  
  31  3:13  Zergling x2  
  32  3:20  Overlord  
  32  3:23  Drone  
  32  3:26  Drone  
  36  3:41  Roach  
  36  3:42  Roach  
  36  3:43  Roach x2  
  42  3:51  Lair  
  42  3:55  Overlord  
  42  4:00  Overlord  
  40  4:03  Drone  
  40  4:06  Drone  
  40  4:10  Drone  
  40  4:13  Drone  
  41  4:17  Drone  
  41  4:21  Zergling x2  
  42  4:24  Drone  
  42  4:28  Zergling x2  
  42  4:30  Zergling x2  
  45  4:33  Drone  
  45  4:36  Drone  
  47  4:39  Drone  
  47  4:42  Drone  
  47  4:45  Drone  
  50  4:49  Overlord  
  50  4:53  Roach  
  50  4:57  Roach  
  56  5:00  Roach  
  56  5:07  Hydralisk Den  
  55  5:10  Drone  
  55  5:12  Drone  
  57  5:14  Drone  
  57  5:17  Drone  
  59  5:21  Overlord  
  59  5:23  Drone  
  59  5:25  Drone  
  59  5:27  Drone  
  62  5:29  Drone  
  62  5:31  Drone  
  62  5:33  Drone  
  65  5:36  Drone, Hydralisk  
  65  5:39  Hydralisk  
  70  5:43  Overlord  
  70  5:46  Hydralisk  
  70  5:49  Hydralisk  
  72  5:52  Drone  
  72  5:53  Drone  
  72  5:56  Drone  
  76  5:59  Drone  
  76  6:01  Drone  
  76  6:04  Overlord  
  77  6:07  Drone  
  77  6:09  Hydralisk  
  77  6:10  Roach, Drone  
  83  6:15  Drone  
  84  6:21  Hydralisk  
  84  6:22  Overlord  
  86  6:26  Metabolic Boost  
  86  6:28  Evolution Chamber  
  85  6:34  Hatchery  
  84  6:45  Ravager  
  85  6:47  Evolution Chamber, Drone  
  85  6:49  Roach  
  85  6:53  Ravager  
  88  6:54  Zerg Missile Weapons Level 1, Evolution Chamber  
  88  6:55  Roach  
  88  6:57  Overlord  
  88  7:00  Roach  
  90  7:02  Hydralisk  
  90  7:05  Hydralisk  
  94  7:10  Infestation Pit  
  94  7:13  Zerg Ground Armor Level 1, Drone  
  94  7:17  Overlord  
  94  7:19  Zerg Melee Weapons Level 1  
  94  7:20  Roach  
  96  7:26  Roach  
  98  7:30  Overseer, Extractor  
  98  7:33  Drone, Extractor  
  97  7:38  Spine Crawler  
  97  7:39  Drone  
  97  7:43  Glial Reconstitution  
  97  7:44  Spine Crawler  
  96  7:45  Drone  
  96  7:47  Drone x3  
  96  7:48  Infestor, Drone x4  
  96  7:49  Drone  
  107  7:52  Drone  
  107  7:55  Overlord  
  109  7:58  Drone  
  109  8:00  Drone  
  109  8:03  Drone  
  109  8:04  Drone  
  112  8:06  Drone  
  112  8:07  Drone  
  112  8:11  Drone  
  116  8:12  Drone  
  116  8:16  Drone x2, Overlord  
  116  8:18  Drone  
  119  8:21  Infestor, Drone  
  119  8:22  Drone  
  119  8:23  Drone  
  119  8:24  Drone  
  124  8:29  Drone  
  124  8:33  Drone  
  126  8:35  Overlord  
  126  8:38  Pneumatized Carapace  
  126  8:40  Roach  
  126  8:44  Drone, Spore Crawler  
  126  8:46  Drone  
  126  8:48  Roach x2, Drone  
  123  8:51  Drone  
  123  8:52  Zerg Missile Weapons Level 2  
  123  8:54  Drone x2, Zergling x2  
  123  8:55  Spore Crawler  
  124  8:56  Drone  
  124  8:57  Drone  
  124  9:01  Zergling x2  
  114  9:07  Drone  
  114  9:08  Drone  
  90  9:11  Overseer, Hydralisk  
  72  9:18  Roach, Zergling x2  
  72  9:19  Hydralisk, Zergling x2  
  72  9:20  Zergling x2  
  72  9:22  Zergling x2  
  79  9:28  Drone  
  79  9:30  Zergling x2  
  75  9:33  Zergling x2  
  75  9:37  Extractor  
  72  9:39  Zergling x2  
  72  9:41  Zergling x2  
  72  9:42  Extractor  
  72  9:44  Zergling x2  
  71  9:48  Spine Crawler  
  71  9:49  Queen  
  71  9:50  Roach, Overseer  
  71  9:51  Hydralisk  
  71  9:52  Roach, Zergling x2  
  68  9:53  Zergling x2  
  68  9:55  Roach  
  62  10:00  Hydralisk  
  62  10:03  Roach  
  64  10:11  Hydralisk  
  64  10:14  Roach  
  58  10:22  Drone  
  58  10:23  Drone x3  
  58  10:24  Ravager  
  58  10:26  Roach  
  60  10:36  Hydralisk  
  49  10:52  Zergling x2  
  31  11:00  Zergling x2  
  31  11:01  Roach, Drone  
  29  11:08  Drone  
Tags
 
Add a new tag
Caveats
  • Supply blocks, unpowered buildings, or Contaminate may cause inaccurate times.
  • Supply counts are checked every 10 seconds.